 Dungeon Crawl Stone Soup version 0.27-a0-1525-g1038ab4fd7 (webtiles) character file.

Game seed: 2770942216222205762

76 Demosthentine the Poker (level 4, -2/35 HPs)
             Began as a Merfolk Gladiator on July 10, 2021.
             Slain by a gnoll sergeant (12 damage)
             ... on level 3 of the Dungeon.
             The game lasted 00:02:08 (2579 turns).

Demosthentine the Poker (Merfolk Gladiator)         Turns: 2579, Time: 00:02:08

Health: -2/35      AC:  5    Str: 15    XL:     4   Next: 32%
Magic:  4/4        EV: 13    Int:  7    God:
Gold:   67         SH:  0    Dex: 15    Spells: 3/3 levels left

rFire    . . .     SeeInvis .   a - +0 trident
rCold    . . .     Faith    .   (no shield)
rNeg     . . .     Spirit   .   b - +0 leather armour
rPois    .         Reflect  .   c - +0 helmet
rElec    .         Harm     .   (no cloak)
rCorr    .         Rampage  .   f - +0 pair of gloves
Will     .....                  (no boots)
Stlth    +.........             (no amulet)
HPRegen  0.11/turn              (no ring)
MPRegen  0.09/turn              (no ring)

@: no status effects
A: (nimble swimmer 2), mertail
a: no special abilities


You were on level 3 of the Dungeon.
You visited 1 branch of the dungeon, and saw 3 of its levels.

You collected 67 gold pieces.

Inventory:

Hand Weapons
 a - a +0 trident (weapon)
Armour
 b - a +0 leather armour (worn)
 c - a +0 helmet (worn)
 f - a +0 pair of gloves (worn)
Scrolls
 g - a scroll of identify
Potions
 e - a potion of curing
 h - a potion of resistance


   Skills:
 + Level 3.0 Fighting
 + Level 5.2 Polearms
 - Level 2.0 Throwing
 + Level 1.2 Armour
 + Level 4.8 Dodging


You had 3 spell levels left.
You didn't know any spells.
Your spell library was empty.

Dungeon Overview and Level Annotations

Branches:
Dungeon (3/15)

Altars:
Kikubaaqudgha

Shops:
D:1 *   D:2 =


Innate Abilities, Weirdness & Mutations

((You are quick and stealthy near water. (Stealth+, EV+, Speed+++)))
Your lower body shifts to a powerful aquatic tail in water.


Message History

You reach to attack!
You hit the gnoll sergeant.
The gnoll sergeant is severely wounded.
The gnoll sergeant struggles against the net.
Reach: a) +0 trident
Press: ? - help, Dir - move target, f/p - gnoll sergeant
Aim: a gnoll sergeant, wielding a +3 vampiric spear, wearing a +0 ring mail and wearing a +0 buckler (severely wounded, entangled in a net, about 7% to evade your +0 trident)
You reach to attack!
You catch the helpless gnoll sergeant completely off-guard!
You hit the gnoll sergeant.
The gnoll sergeant is almost dead.
The gnoll sergeant struggles against the net.
The net rips apart, and the gnoll sergeant comes free!
Reach: a) +0 trident
Press: ? - help, Dir - move target, f/p - gnoll sergeant
Aim: a gnoll sergeant, wielding a +3 vampiric spear, wearing a +0 ring mail and wearing a +0 buckler (almost dead, about 32% to evade your +0 trident)
You reach to attack!
The gnoll sergeant blocks your attack.
The gnoll sergeant is almost dead.
The gnoll sergeant hits you from afar with a +3 vampiric spear.
The gnoll sergeant draws strength from your wounds!
Reach: a) +0 trident
Press: ? - help, Dir - move target, f/p - gnoll sergeant
Aim: a gnoll sergeant, wielding a +3 vampiric spear, wearing a +0 ring mail and wearing a +0 buckler (severely wounded, about 32% to evade your +0 trident)
You reach to attack!
You closely miss the gnoll sergeant.
The gnoll sergeant is severely wounded.
The gnoll sergeant hits you from afar with a +3 vampiric spear.
The gnoll sergeant draws strength from your wounds!
Reach: a) +0 trident
Press: ? - help, Dir - move target, f/p - gnoll sergeant
Aim: a gnoll sergeant, wielding a +3 vampiric spear, wearing a +0 ring mail and wearing a +0 buckler (heavily wounded, about 32% to evade your +0 trident)
You reach to attack!
You barely miss the gnoll sergeant.
The gnoll sergeant is heavily wounded.
The gnoll sergeant hits you from afar with a +3 vampiric spear.
* * * LOW HITPOINT WARNING * * *
Reach: a) +0 trident
Press: ? - help, Dir - move target, f/p - gnoll sergeant
Aim: a gnoll sergeant, wielding a +3 vampiric spear, wearing a +0 ring mail and wearing a +0 buckler (heavily wounded, about 32% to evade your +0 trident)
You reach to attack!
The gnoll sergeant blocks your attack.
The gnoll sergeant is heavily wounded.
The gnoll sergeant hits you from afar with a +3 vampiric spear!
You die...

#.#.##..g..#..# ...
#.g.####........ ..
#.g## #...##.... .
#..######### .....
##.S##.<....#.....<
#...##.†.........
#...##...........
#.####...........
#ggg<@...........
#.g###...........
#..# #..........)
#.## #...........
#.# ##..........
#.# ##........ #.#
......# ... ....#.
..


You could see a gnoll sergeant and 3 gnolls.

Vanquished Creatures
  An iguana (D:2)
  3 dart slugs
  4 ball pythons
  9 endoplasms
  2 giant cockroaches
  5 goblins
  3 hobgoblins (D:1)
  3 kobolds
  4 quokkas (D:1)
  A bat (D:1)
  3 frilled lizards
  5 rats
43 creatures vanquished.

Notes
Turn   | Place    | Note
-------+----------+-------------------------------------------
     0 | D:1      | Demosthentine the Merfolk Gladiator began the quest for the
                  | Orb.
     0 | D:1      | Reached XP level 1. HP: 16/16 MP: 1/1
   121 | D:1      | Found Toetoarch's General Store.
   145 | D:1      | Found a faded altar of an unknown god.
   157 | D:1      | Reached XP level 2. HP: 23/23 MP: 2/2
   665 | D:1      | Reached XP level 3. HP: 28/28 MP: 3/3
  1130 | D:2      | Reached skill level 5 in Polearms
  1130 | D:2      | Reached skill level 1 in Armour
  1368 | D:2      | Reached XP level 4. HP: 35/35 MP: 4/4
  1415 | D:2      | Found an ancient bone altar of Kikubaaqudgha.
  1947 | D:2      | Found Wuho's Jewellery Boutique.
  2254 | D:3      | Noticed a gnoll sergeant
  2579 | D:3      | Slain by a gnoll sergeant

Illustrated notes

Levels and vault maps discovered:
D:1:      shiori_shiawase, layout_loops_ring, ebering_ecumenical_altar_rust,
          serial_shops, shop, st_stairs_9
D:2:      layout_basic, serial_shops, nicolae_diamond_shop, basic_altar
D:3:      layout_rooms, uniq_grinder

Skill      XL: |  1  2  3 |
---------------+----------+-----
Polearms       | 5 |  5.2
Armour         | 1 |  1.2
Fighting       | 3 |  3.0
Throwing       | |  2.0
Dodging        | |  4.8

Action                   |  1- 3 |  4- 6 || total
-------------------------+-------+-------++-------
Melee: Trident           |   100 |    58 ||   158
Throw: Throwing net      |       |     3 ||     3
  Use: Scroll            |     1 |     3 ||     4
 Stab: Sleeping          |     2 |     1 ||     3
       Held in net/web   |       |     2 ||     2
Armor: Leather armour    |    33 |     7 ||    40
Dodge: Dodged            |    51 |    16 ||    67

Table legend: (Time is in decaauts)
 A = Elapsed time spent in this place.
 B = Non-inter-level travel time spent in this place.
 C = Inter-level travel time spent in this place.
 D = Time resting spent in this place.
 E = Time spent auto-exploring this place.
 F = Levels seen in this place.
 G = Mean time per level.
                   A        B        C        D        E       F      G
               +--------+--------+--------+--------+--------+-----+--------+
         Total |   2587 |   2554 |     33 |    432 |   1778 |   3 |  862.3 |
       Dungeon |   2587 |   2554 |     33 |    432 |   1778 |   3 |  862.3 |
               +--------+--------+--------+--------+--------+-----+--------+

Top non-repeatable levels by time:
     D:2: 1443 daAuts
     D:1: 1063 daAuts
     D:3: 80 daAuts
